 Dungeon Crawl Stone Soup version 0.18-a0-82-gaf82852 (webtiles) character file.

247336 ReteAZ the Wrestler (level 19, -1/170 HPs)
             Began as a Ghoul Wanderer on Nov 12, 2015.
             Was the Champion of Qazlal.
             Slain by Dissolution (14 damage)
             ... while paralysed by a giant eyeball
             ... on level 2 of the Pits of Slime on Nov 13, 2015.
             The game lasted 03:06:49 (42984 turns).

ReteAZ the Wrestler (Ghoul Wanderer)               Turns: 42984, Time: 03:06:49

Health: -1/170     AC: 25    Str: 22 (24) XL:     19   Next: 53%
Magic:  23/23      EV:  2    Int:  9      God:    Qazlal [******]
Gold:   1355       SH:  0    Dex: 13      Spells: 1 memorised, 11 levels left

rFire  + + .     SeeInvis .       - Unarmed
rCold  + . .     Clarity  .     N - +4 scale mail "Rimaroam" {+Blink rF++ Str+2 Int-5}
rNeg   + + +     SustAt   .     G - +1 buckler of Gluttony {rCorr Str+4 Int+3}
rPois  ∞         Gourm    .     D - +1 helmet {Int+3}
rElec  .         Spirit   .     w - +2 cloak
rCorr  +         Warding  .     (no gloves)
rMut   .         Stasis   .     v - +2 pair of boots {run}
MR     +....                    y - amulet of regeneration
Stlth  ..........               r - +2 ring of evasion
                                f - +3 ring of protection

@: paralysed, protected from physical damage, corroded equipment, rotting, repel
missiles, quick, somewhat resistant to hostile enchantments, extremely
unstealthy
A: rotting body, claws 1, carnivore 3, cold resistance 1, negative energy
resistance 3, slow regeneration 1, torment resistance, unbreathing
a: Upheaval, Elemental Force, Disaster Area, Renounce Religion, Evoke Blink
}: 2/15 runes: decaying, gossamer


You were on level 2 of the Pits of Slime.
You worshipped Qazlal.
Qazlal was exalted by your worship.
You were not hungry.

You visited 8 branches of the dungeon, and saw 40 of its levels.
You visited 1 bazaar.
You also visited: Labyrinth.

You collected 3779 gold pieces.
You spent 2424 gold pieces at shops.

Inventory:

Missiles
 h - 12 javelins (quivered)
 B - 3 throwing nets
Armour
 n - a +2 buckler of fire resistance
 v - a +2 pair of boots of running (worn)
 w - a +2 cloak (worn)
 D - a +1 helmet of intelligence (worn)
 G - the +1 buckler of Gluttony (worn) {rCorr Str+4 Int+3}
   (You found it on level 7 of the Dungeon)

   It affects your strength (+4).
   It affects your intelligence (+3).
   It protects you from acid and corrosion.
 N - the +4 scale mail "Rimaroam" (worn) {+Blink rF++ Str+2 Int-5}
   (You bought it in a shop on level 9 of the Dungeon)

   It affects your strength (+2).
   It affects your intelligence (-5).
   It greatly protects you from fire.
   It lets you blink.
Jewellery
 f - a +3 ring of protection (left claw)
 j - the ring of the Morning {Fire +Fly rElec Str+4 Dex-4}
   (You found it on level 4 of the Spider Nest)

   [ring of fire]

   It enhances your fire magic, and weakens your ice magic.
   It affects your strength (+4).
   It affects your dexterity (-4).
   It protects you from fire.
   It makes you vulnerable to cold.
   It insulates you from electricity.
   It lets you fly.
 r - a +2 ring of evasion (right claw)
 s - an uncursed ring of protection from magic
 t - an uncursed amulet of clarity
 x - an uncursed ring of see invisible
 y - an amulet of regeneration (around neck)
 R - the ring "Kistropao" {Fire rElec Dex+2}
   (You acquired it on level 1 of the Spider Nest)

   [ring of fire]

   It enhances your fire magic, and weakens your ice magic.
   It affects your dexterity (+2).
   It protects you from fire.
   It makes you vulnerable to cold.
   It insulates you from electricity.
 X - an uncursed amulet of rage {unknown}
 Z - an uncursed ring of ice
Wands
 a - a wand of flame (23)
 H - a wand of draining (11)
 I - a wand of flame (29)
 J - a wand of hasting (4)
 M - a wand of digging (5)
 P - a wand of digging (9)
 T - a wand of paralysis (3)
Scrolls
 c - 3 scrolls of teleportation
 e - 5 scrolls of blinking
 i - 9 scrolls of identify
 l - 4 scrolls of fear
 o - 7 scrolls of amnesia
 E - 11 scrolls of remove curse
 F - 3 scrolls of fog
 S - 3 scrolls of magic mapping
 W - 4 scrolls of enchant weapon
Potions
 k - a potion of agility
 m - a potion of cancellation
 p - 12 potions of curing
 q - 3 potions of degeneration
 z - 2 potions of heal wounds
 K - 2 potions of haste
 L - 5 potions of flight
 U - a potion of might
 V - a potion of resistance
Books
 b - a book of the Dragon

   Spells                             Type                      Level
   a - Flame Tongue                   Conjuration/Fire             1
   b - Cause Fear                     Hexes                        4
   c - Bolt of Fire                   Conjuration/Fire             6
   d - Dragon Form                    Transmutation                7
   e - Dragon's Call                  Summoning                    9
 C - a book of Maledictions

   Spells                             Type                      Level
   a - Corona                         Hexes                        1
   b - Ensorcelled Hibernation        Hexes/Ice                    2
   c - Confuse                        Hexes                        3
   d - Tukima's Dance                 Hexes                        3
   e - Dazzling Spray                 Conjuration/Hexes            3
 O - the Tome of Attacks
   (You found it on level 1 of the Elven Halls)

   Spells                             Type                      Level
   a - Magic Dart                     Conjuration                  1
   b - Sting                          Conjuration/Poison           1
   c - Searing Ray                    Conjuration                  2
   d - Stone Arrow                    Conjuration/Earth            3
   e - Static Discharge               Conjuration/Air              3
   f - Dazzling Spray                 Conjuration/Hexes            3
   g - Mephitic Cloud                 Conjuration/Poison/Air       3
 Q - a Necronomicon

   Spells                             Type                      Level
   a - Haunt                          Necromancy/Summoning         7
   b - Borgnjor's Revivification      Necromancy                   8
   c - Death's Door                   Charms/Necromancy            8
   d - Necromutation                  Transmutation/Necromancy     8
Comestibles
 d - 10 meat rations {@e2}
 g - 3 slices of pizza
 u - 15 beef jerkies
 A - 2 royal jellies


   Skills:
 + Level 15.1 Fighting
 - Level 1.0 Throwing
 - Level 13.1 Armour
 - Level 14.2 Dodging
 - Level 1.1 Stealth
 - Level 4.0 Shields
 * Level 21.6 Unarmed Combat
 - Level 4.4 Necromancy
 - Level 7.1 Invocations
 - Level 7.0 Evocations


You had 11 spell levels left.
You knew the following spells:

 Your Spells              Type           Power        Failure   Level  Hunger
a - Haunt                 Necr/Summ      #.........   100%        7    #######


Dungeon Overview and Level Annotations

Branches:
Dungeon (15/15)            Temple (1/1) D:5            Lair (8/8) D:9
  Swamp (4/4) Lair:4       Spider (4/4) Lair:6        Slime (2/6) Lair:7
    Orc (4/4) D:12            Elf (2/3) Orc:3        Vaults (0/5) D:14
 Depths (0/5) D:15

Altars:
Ashenzari
Cheibriados
Dithmenos
Elyvilon
Fedhas
Gozag
Kikubaaqudgha
Makhleb
Nemelex Xobeh
Okawaru
Qazlal
Ru
Sif Muna
Trog
Vehumet
Xom
Yredelemnul
Zin
The Shining One
Beogh

Shops:
D:9 [   D:12 %   D:14 (   Orc:2 %   Orc:3 (   Orc:4 ***([!=[   Elf:1 *

Annotations:
D:6 Prince Ribbit
Lair:4 exclusion: oklob plant
Slime:2 Dissolution
Elf:2 Nikola


Innate Abilities, Weirdness & Mutations

Your body is rotting away.
You thrive on raw meat.
You are immune to poison.
You have sharp fingernails.
You are carnivorous and can eat meat at any time.
Your flesh is cold resistant.
You are immune to negative energy.
You regenerate slowly when monsters are visible.
You are immune to unholy pain and torment.
You can survive without breathing.


Message History

You feel protected from physical attacks. 2 slime creatures come into view.
Dissolution is engulfed in freezing vapours.
Dissolution hits you!
* * * LOW HITPOINT WARNING * * *
You are splashed with acid!
The acid burns!
You resist.
* * * LOW HITPOINT WARNING * * *
Dissolution hits you but does no damage.
Two slime creatures merge to form a large slime creature.
The giant eyeball is engulfed in freezing vapours.
You kill the giant eyeball!
The shining eye is engulfed in roaring flames.
The large slime creature is engulfed in roaring flames.
The large slime creature hits you!!
* * * LOW HITPOINT WARNING * * *
You feel more protected from physical attacks.
Dissolution is engulfed in freezing vapours.
Dissolution hits you but does no damage.
Dissolution hits you!
You die...

............##
.............##
....#..#......##
...#...........#
..............#
......§.......#
.......<.§G<..##
...J....JJJ§...#
..JJ..J§G@G....#
.......§§<§...##
.........§.....#
............#.##
............# #
...........##
..........#
........##


You could see Dissolution, 2 large slime creatures, 4 slime creatures, 2 shining
eyes and a giant eyeball.

Vanquished Creatures
  Mara (Spider:3)
  Arachne (Spider:3)
  Rupert (Lair:5)
  2 acid blobs (Slime:1)
  3 thorn hunters
  The ghost of ReteAZ the Earth Mage, an adept GrEE of Vehumet (Spider:1)
  An orc warlord (Orc:4)
  Maud (D:10)
  6 ghost moths
  Aizul (Swamp:2)
  6 emperor scorpions
  A very ugly thing (Swamp:2)
  An ironheart preserver (D:14)
  A deep elf annihilator (Elf:1)
  An ettin (D:15)
  A minotaur (Lab)
  A deep elf high priest (Elf:1)
  4 vault guards (D:14)
  10 hydras
  3 ice dragons (Swamp:4)
  A rakshasa (D:13)
  2 centaur warriors (D:14)
  Erica (Orc:1)
  A ghost crab (Swamp:1)
  2 ogre magi
  The ghost of katzbalger the Conjurer, a journeyman DsWz of Vehumet (D:11)
  5 dancing weapons (Elf:2)
  A tengu warrior (D:14)
  8 alligators
  15 death yaks
  3 orc high priests (Orc:4)
  3 spriggans (Swamp:2)
  Nergalle (Lair:1)
  A hell knight (D:15)
  9 deep elf knights
  An unseen horror (D:15)
  6 deep elf summoners
  A spriggan druid (Swamp:4)
  3 swamp dragons
  2 lindwurms (Lair:3)
  9 hill giants
  A wizard (D:14)
  16 deep elf conjurers
  4 shambling mangroves
  A wolf spider zombie (D:14)
  6 ugly things
  2 griffons
  20 orb spiders
  A salamander (shapeshifter) (Elf:2)
  31 wolf spiders
  3 cyclopes
  4 orc sorcerers
  An oklob plant (Lair:7)
  4 orc knights (Orc:4)
  3 hornets
  2 moths of wrath
  2 manticores
  26 elephants
  Psyche (D:9)
  4 torpor snails
  5 centaur skeletons
  5 black mambas
  A gargoyle (D:10)
  31 spiny frogs
  A kobold demonologist (D:14)
  4 freezing wraiths (Swamp:4)
  A fire drake (Lair:7)
  11 demonic crawlers
  5 trolls
  7 komodo dragons
  A polar bear (Lair:7)
  A tengu conjurer (D:15)
  A queen bee (shapeshifter) (D:15)
  23 jumping spiders
  6 deep elf priests
  37 blink frogs
  45 slime creatures
  A boulder beetle (Spider:3)
  7 giant leeches
  9 bog bodies
  A trapdoor spider (shapeshifter) (D:14)
  16 deep elf magi
  15 trapdoor spiders
  40 redbacks
  2 shadows
  A centaur simulacrum (D:12)
  17 tarantellas
  4 wyverns
  7 hippogriffs
  A hippogriff (shapeshifter) (Elf:1)
  A wyvern (shapeshifter) (D:14)
  18 deep elf fighters
  53 yaks
  3 basilisks
  A steam dragon (D:8)
  5 hungry ghosts
  3 wargs (D:12)
  4 swamp worm simulacra (Swamp:4)
  Edmund (D:6)
  6 insubstantial wisps
  19 swamp worms
  12 wolves
  3 mottled dragons
  15 vampire mosquitoes
  15 hydra simulacra (Swamp:4)
  13 swamp drakes
  11 water moccasins
  3 sky beasts (D:8)
  4 phantoms
  27 spiders
  12 centaurs
  16 porcupines
  18 wasps
  A necrophage (D:11)
  2 eyes of draining (Slime:1)
  6 ice beasts
  10 ogres
  33 orc warriors
  A black bear (D:8)
  17 crocodiles
  8 big kobolds
  23 giant frogs
  2 scorpions
  2 water moccasin skeletons
  3 killer bees (D:10)
  6 electric eels
  A giant frog zombie (D:12)
  5 crimson imps
  A quasit (D:12)
  10 hounds
  3 centaur zombies
  2 gnoll shamans (D:4)
  26 orc priests
  3 iron imps (D:9)
  14 jellies
  2 giant frog skeletons
  6 iguanas
  42 orc wizards
  9 worker ants
  A killer bee zombie (D:8)
  17 sheep
  A hound zombie (D:11)
  2 hound skeletons
  A worker ant zombie (D:7)
  51 gnolls
  11 adders
  63 river rats
  A shadow imp (D:13)
  4 swamp drake simulacra (Swamp:4)
  An ooze (D:2)
  An adder zombie (D:6)
  5 adder skeletons
  7 giant geckos
  220 orcs
  11 bats
  12 goblins
  5 hobgoblins
  21 jackals
  A ball python (D:1)
  A ball python skeleton (D:5)
  3 giant cockroaches
  6 giant newts
  22 kobolds
  3 quokkas
  A quokka skeleton (D:7)
  8 rats
  5 bushes
  133 fungi
  51 plants
1731 creatures vanquished.

Vanquished Creatures (collateral kills)
  An orc warrior (Orc:4)
1 creature vanquished.

Vanquished Creatures (others)
  A deep elf knight (Elf:1)
  A wolf spider (Spider:4)
  A swamp dragon (Swamp:2)
  A deep elf conjurer (Elf:1)
  2 orb spiders (Spider:4)
  A jumping spider (Spider:4)
  2 redbacks (Spider:4)
  A tarantella (Spider:4)
  A wolf (Lair:4)
  An orc warrior (D:8)
  A spider (Spider:4)
  A wasp (Swamp:2)
  6 killer bees (D:5)
  An orc priest (Orc:4)
  A worker ant (D:5)
  An adder (D:8)
  An orc (Orc:3)
  A quokka (D:5)
  41 fungi
  31 plants
  9 toadstools (Lair:3)
106 creatures vanquished.

Grand Total: 1838 creatures vanquished

Notes
Turn   | Place    | Note
--------------------------------------------------------------
     0 | D:1      | ReteAZ the Ghoul Wanderer began the quest for the Orb.
     0 | D:1      | ReteAZ set off with: a +2 spear, a +0 ring mail, a scroll of teleportation, a meat ration {@e2}
     0 | D:1      | Reached XP level 1. HP: 16/16 MP: 0/0
    24 | D:1      | Reached skill level 1 in Unarmed Combat
    36 | D:1      | Reached XP level 2. HP: 18/23 MP: 1/1
   530 | D:1      | Reached XP level 3. HP: 28/28 MP: 2/2
  1095 | D:2      | Reached XP level 4. HP: 35/35 MP: 3/3
  1330 | D:2      | Reached skill level 4 in Unarmed Combat
  1535 | D:3      | Found a shadowy altar of Dithmenos.
  2105 | D:3      | Found a snail-covered altar of Cheibriados.
  2204 | D:4      | Noticed an ogre
  2526 | D:4      | Reached skill level 5 in Unarmed Combat
  2526 | D:4      | Reached XP level 5. HP: 31/38 MP: 4/4
  2662 | D:4      | Reached skill level 1 in Shields
  2741 | D:4      | Noticed an ogre
  2780 | D:5      | Entered Level 5 of the Dungeon
  2788 | D:5      | Reached XP level 6. HP: 5/47 MP: 5/5
  3121 | D:5      | Found a staircase to the Ecumenical Temple.
  3130 | Temple   | Entered the Ecumenical Temple
  3189 | Temple   | Became a worshipper of Qazlal Stormbringer
  3259 | D:5      | Reached skill level 6 in Unarmed Combat
  3587 | D:4      | Reached XP level 7. HP: 47/52 MP: 6/6
  3655 | D:4      | Got a spiked cloak
  3661 | D:4      | Identified the +1 cloak "Jeoxt" {rC+ Regen+ Int-5 Slay-3} (You found it on level 4 of the Dungeon)
  3719 | D:4      | Reached skill level 7 in Unarmed Combat
  3907 | D:4      | Reached * piety under Qazlal
  4091 | D:4      | Reached skill level 8 in Unarmed Combat
  4134 | D:4      | Found an ancient bone altar of Kikubaaqudgha.
  4280 | D:4      | Reached XP level 8. HP: 52/59 MP: 7/7
  4515 | D:4      | Reached ** piety under Qazlal
  4694 | D:4      | Noticed a cyclops
  4992 | D:5      | Reached skill level 9 in Unarmed Combat
  5820 | D:6      | Noticed Prince Ribbit
  6360 | D:6      | Found a blossoming altar of Fedhas.
  6458 | D:6      | Reached skill level 10 in Unarmed Combat
  6479 | D:6      | Noticed Edmund
  6491 | D:6      | Killed Edmund
  6508 | D:6      | Reached XP level 9. HP: 16/63 MP: 8/8
  6661 | D:6      | Reached skill level 11 in Unarmed Combat
  6743 | D:6      | Reached skill level 1 in Dodging
  7318 | D:7      | Found a sacrificial altar of Ru.
  7321 | D:7      | Found a shattered altar of Ashenzari.
  7324 | D:7      | Found a basalt altar of Yredelemnul.
  7394 | D:7      | Reached *** piety under Qazlal
  7949 | D:7      | Reached skill level 5 in Fighting
  7972 | D:7      | Got a distressingly furry buckler
  7983 | D:7      | Identified the +1 buckler of Gluttony {rCorr Str+4 Int+3} (You found it on level 7 of the Dungeon)
  8189 | D:8      | Reached XP level 10. HP: 49/83 MP: 9/9
  8219 | D:8      | HP: 4/84 [orc warrior/scimitar (20)]
  8240 | D:8      | Reached **** piety under Qazlal
  8263 | D:8      | Reached skill level 5 in Armour
  8938 | D:9      | Found a burning altar of Makhleb.
  9282 | D:9      | Found Fiaral's Antique Armour Shop.
  9402 | D:9      | Noticed Psyche
  9402 | D:9      | Noticed a hill giant
  9433 | D:9      | Killed a hill giant
  9447 | D:9      | Killed Psyche
  9476 | D:9      | Found a staircase to the Lair.
  9502 | D:9      | Bought a distressingly furry scale mail for 234 gold pieces
  9512 | D:9      | Identified the +4 scale mail "Rimaroam" {+Blink rF++ Str+2 Int-5} (You bought it in a shop on level 9 of the Dungeon)
  9537 | Lair:1   | Entered Level 1 of the Lair of Beasts
  9617 | Lair:1   | Reached XP level 11. HP: 67/97 MP: 10/10
  9699 | Lair:1   | Noticed Nergalle
  9734 | Lair:1   | Killed Nergalle
  9795 | Lair:1   | Found a labyrinth entrance.
  9804 | Lab      | Entered a labyrinth
 10051 | Lab      | Noticed Oper80's ghost (novice TrMo)
 10569 | Lab      | Noticed a minotaur
 10584 | Lab      | Killed a minotaur
 10584 | Lab      | Reached skill level 10 in Fighting
 10610 | Lab      | Got a brightly glowing chain mail
 10621 | Lab      | Identified the cursed +0 chain mail of Luf Tum {rF+} (You found it in a labyrinth)
 11484 | Lair:2   | Noticed a six-headed hydra
 11787 | Lair:2   | Reached skill level 1 in Invocations
 12019 | Lair:2   | Killed a six-headed hydra
 12673 | Lair:3   | Reached skill level 5 in Invocations
 12684 | Lair:3   | Reached XP level 12. HP: 102/110 MP: 13/15
 13118 | Lair:3   | Reached ***** piety under Qazlal
 13118 | Lair:3   | Reached skill level 12 in Unarmed Combat
 13610 | Lair:3   | You fall through a shaft for 3 floors!
 13900 | Lair:5   | Noticed Rupert
 13925 | Lair:5   | Killed Rupert
 13925 | Lair:5   | Reached skill level 13 in Unarmed Combat
 13960 | Lair:5   | Got a pitted cloak
 13971 | Lair:5   | Identified the +1 cloak "Lalew" {*Corrode Str+4 Dex+2} (You found it on level 5 of the Lair of Beasts)
 14073 | Lair:5   | Reached skill level 14 in Unarmed Combat
 14187 | Lair:5   | Noticed a five-headed hydra
 14218 | Lair:5   | Killed a five-headed hydra
 14565 | Lair:4   | Reached XP level 13. HP: 74/114 MP: 17/17
 14704 | Lair:4   | Reached skill level 15 in Unarmed Combat
 15296 | Lair:4   | Found a shadowy altar of Dithmenos.
 15360 | Lair:4   | Found a staircase to the Swamp.
 16145 | Lair:6   | Reached skill level 16 in Unarmed Combat
 16254 | Lair:6   | Found a hole to the Spider Nest.
 17205 | Lair:6   | Reached skill level 17 in Unarmed Combat
 17300 | Lair:7   | Found a staircase to the Slime Pits.
 17315 | Lair:7   | Reached ****** piety under Qazlal
 17374 | Lair:7   | Reached XP level 14. HP: 44/124 MP: 18/18
 17747 | Lair:7   | Reached skill level 18 in Unarmed Combat
 18055 | Lair:7   | Found a radiant altar of Vehumet.
 18680 | Lair:8   | Entered Level 8 of the Lair of Beasts
 18814 | Lair:7   | Reached skill level 19 in Unarmed Combat
 19027 | Lair:8   | HP: 4/124 [sheep (4)]
 19352 | Lair:8   | Reached skill level 5 in Dodging
 19481 | Lair:8   | Reached skill level 20 in Unarmed Combat
 19597 | Lair:8   | Reached XP level 15. HP: 129/129 MP: 19/19
 20506 | D:10     | Entered Level 10 of the Dungeon
 20600 | D:10     | Noticed Maud
 20615 | D:10     | Killed Maud
 21439 | D:11     | Noticed katzbalger's ghost (journeyman DsWz)
 21447 | D:11     | Killed katzbalger's ghost
 22295 | D:12     | Found a staircase to the Orcish Mines.
 22339 | D:12     | Found Hamonn's Food Shoppe.
 23729 | D:14     | Found Erunuu's Weapon Boutique.
 23809 | D:14     | Found a gate to the Vaults.
 23961 | D:14     | Found a sacrificial altar of Ru.
 24069 | D:14     | Reached skill level 1 in Evocations
 24524 | Orc:1    | Entered Level 1 of the Orcish Mines
 24856 | Orc:2    | Found Naoreupemp's Food Boutique.
 24858 | Orc:2    | Reached XP level 16. HP: 144/144 MP: 20/20
 25054 | Orc:1    | Noticed Erica
 25058 | Orc:1    | Killed Erica
 25948 | Orc:3    | Found a staircase to the Elven Halls.
 25959 | Orc:3    | Found Hitse's Antique Weapon Boutique.
 26181 | Orc:3    | Found a roughly hewn altar of Beogh.
 26447 | Orc:4    | Entered Level 4 of the Orcish Mines
 26447 | Orc:4    | Found Qiotuyfenix's Antique Armour Shop.
 26716 | Orc:4    | Bought a runed cloak for 126 gold pieces
 26942 | Orc:4    | Found Ifovou's Jewellery Emporium.
 26966 | Orc:4    | Found Elytercha's Distillery.
 27180 | Orc:4    | Found Fisept's Antique Armour Emporium.
 27186 | Orc:4    | Bought a runed helmet for 117 gold pieces
 27425 | Orc:4    | Reached skill level 5 in Evocations
 27510 | Orc:4    | Found Xisifire's Assorted Antiques.
 27510 | Orc:4    | Found Xoeblumid's Antique Weapon Emporium.
 27513 | Orc:4    | Found Ogitat's Assorted Antiques.
 27513 | Orc:4    | Found Osax's Assorted Antiques.
 27522 | Orc:4    | Bought a scroll labeled TEMUTU PAHUCS for 27 gold pieces
 27522 | Orc:4    | Bought an inky potion for 24 gold pieces
 27526 | Orc:4    | Bought a notched tourmaline ring for 140 gold pieces
 27526 | Orc:4    | Bought a murky golden potion for 25 gold pieces
 27541 | Orc:4    | Bought a dented bronze amulet for 125 gold pieces
 27547 | Orc:4    | Bought a scroll of blinking for 202 gold pieces
 27547 | Orc:4    | Bought a scroll of blinking for 202 gold pieces
 27755 | D:9      | Bought a steaming plate armour for 728 gold pieces
 27765 | D:9      | Identified the cursed +1 plate armour of Freedom {Dex+3} (You bought it in a shop on level 9 of the Dungeon)
 27946 | Swamp:1  | Entered Level 1 of the Swamp
 28747 | Swamp:2  | Noticed a thorn hunter
 28755 | Swamp:2  | Killed a thorn hunter
 29385 | Swamp:2  | Reached skill level 15 in Fighting
 29604 | Swamp:2  | Noticed Aizul
 29617 | Swamp:2  | Killed Aizul
 30579 | Swamp:3  | Got a crude scale mail
 30583 | Swamp:3  | Identified the +1 scale mail of Death's Door {rElec rC- Int+2} (You found it on level 3 of the Swamp)
 30980 | Swamp:4  | Entered Level 4 of the Swamp
 30997 | Swamp:4  | Noticed a thorn hunter
 31131 | Swamp:4  | Noticed a thorn hunter
 31146 | Swamp:4  | Killed a thorn hunter
 31146 | Swamp:4  | Reached skill level 21 in Unarmed Combat
 31274 | Swamp:3  | Killed a thorn hunter
 31274 | Swamp:3  | Reached XP level 17. HP: 110/156 MP: 21/21
 32016 | Swamp:4  | Got a crystal morningstar
 32040 | Swamp:4  | Got a decaying rune of Zot
 32704 | Spider:1 | Entered Level 1 of the Spider Nest
 32993 | Spider:1 | Reached skill level 10 in Armour
 33076 | Spider:1 | Noticed ReteAZ's ghost (adept GrEE)
 33117 | Spider:1 | Killed ReteAZ's ghost
 33310 | Spider:1 | Got a fine bone ring
 33312 | Spider:1 | Identified the ring "Kistropao" {Fire rElec Dex+2} (You acquired it on level 1 of the Spider Nest)
 34144 | Spider:2 | Reached skill level 10 in Dodging
 35224 | Spider:3 | Noticed Mara
 35245 | Spider:3 | Noticed Arachne
 35255 | Spider:3 | Noticed ReteAZ's illusion
 35265 | Spider:3 | Killed Mara
 35395 | Spider:3 | Reached XP level 18. HP: 147/163 MP: 22/22
 35470 | Spider:3 | Killed Arachne
 36253 | Spider:4 | Entered Level 4 of the Spider Nest
 37953 | Spider:4 | Got a transparent steel ring
 37955 | Spider:4 | Identified the ring of the Morning {Fire +Fly rElec Str+4 Dex-4} (You found it on level 4 of the Spider Nest)
 38132 | Spider:4 | Got a creamy pearl robe
 38143 | Spider:4 | Identified the cursed +0 robe of Indemnity {rC+ Dex+2} (You found it on level 4 of the Spider Nest)
 38241 | Spider:4 | Got a gossamer rune of Zot
 38302 | Spider:4 | Got an encrusted mace
 38303 | Spider:4 | Identified the +4 morningstar "Coepseacs" {freeze, Int+6} (You found it on level 4 of the Swamp)
 38304 | Spider:4 | Identified the +1 mace "Jingugib" {flame, Str+3 SInv} (You found it on level 4 of the Spider Nest)
 38909 | D:15     | Entered Level 15 of the Dungeon
 39107 | D:15     | Found a shattered altar of Ashenzari.
 39440 | D:15     | Found a staircase to the Depths.
 39923 | Elf:1    | Entered Level 1 of the Elven Halls
 40204 | Elf:1    | Reached XP level 19. HP: 141/170 MP: 23/23
 40393 | Elf:1    | Found Dike Zodgh's Assorted Antiques.
 40617 | Elf:1    | Identified the Tome of Attacks
 41126 | Elf:2    | Found a flickering gateway to a bazaar.
 41146 | Bazaar   | Entered a bazaar
 41153 | Bazaar   | Found Yciecsoq's Antique Armour Shop.
 41175 | Bazaar   | Found Toocacs's Food Boutique.
 41189 | Bazaar   | Found Roant's Jewellery Shop.
 41203 | Bazaar   | Found Ylasic's Food Boutique.
 41231 | Bazaar   | Found Ejovik's Food Boutique.
 41365 | Bazaar   | Bought a pair of runed boots for 117 gold pieces
 41375 | Bazaar   | Identified a +0 pair of boots of running (You bought it in a shop in a bazaar)
 41548 | Elf:2    | Found a runed gate.
 41548 | Elf:2    | Found a runed gate.
 41549 | Elf:2    | Found a runed gate.
 42091 | Elf:2    | Upgraded the game from 0.18-a0-76-g3fe7f8b to 0.18-a0-82-gaf82852
 42144 | Elf:2    | Noticed Nikola
 42159 | Elf:1    | Bought a scroll of teleportation for 102 gold pieces
 42159 | Elf:1    | Bought a scroll of blinking for 255 gold pieces
 42353 | Lair:1   | Learned a level 7 spell: Haunt
 42553 | Slime:1  | Entered Level 1 of the Pits of Slime
 42973 | Slime:2  | Noticed Dissolution
 42981 | Slime:2  | Paralysed by a giant eyeball for 4 turns
 42984 | Slime:2  | Slain by Dissolution

Vault maps used:
D:1:      lemuel_arrival_tunnels
D:2:      dk_noncrumbling_2
D:3:      lemuel_round_altar, grunt_dithmenos_smoke_and_mirrors
D:4:      lemuel_castle_with_subvaults, nicolae_overflow_hidden_temple
D:5:      lemuel_temple_firewalk_marked, serial_corexii_hall,
          corexii_hall_statues_s, corexii_hall_statues_x, first_bread
D:6:      fedhas_bush_and_centaur_altar, minmay_misc_feat_doors,
          uniq_prince_ribbit1, uniq_edmund
D:7:      grunt_temple_overflow_diamond
D:8:      hangedman_misty_isle
D:9:      demons_altar, lair_0_dummy, serial_shops, shop, uniq_pikel,
          uniq_psyche
D:10:     uniq_maud
D:11:     kennysheep_big_flooded_room
D:12:     hangedman_arrow_trap, minmay_orc_entry_guard_dogs, serial_shops, shop
D:14:     lightli_vaults_fourway_checkpoint, serial_glass, glass_columns_a,
          glass_columns_a, hangedman_ru_absence, serial_shops, shop
D:15:     hangedman_depths_entry_civil_slaughter, hangedman_decor_growths,
          ashenzari_altar_1
Temple:   circular_temple_12
Lair:1:   lab_entry_generic, uniq_nergalle
Lair:3:   gammafunk_lair_enchanted_lake
Lair:4:   wad_woods_minihive, minmay_swamp_entry_reptiles, basic_altar,
          minmay_lair_oklob_bushes
Lair:5:   serial_bayou_crossing, uniq_rupert
Lair:6:   spider_nest_entry_funnel_web
Lair:7:   dpeg_oklob_shooting_range, minmay_slime_entry_pillars, basic_altar
Lair:8:   minmay_lair_end_frog_pond
Swamp:1:  evilmike_swamp_ruin_house_2
Swamp:2:  evilmike_swamp_ruin_house_6, uniq_aizul
Swamp:3:  nicolae_swamp_orc_logging_accident, infiniplex_staircase_pool
Swamp:4:  swamp_icy
Spider:1: guppyfry_wasp_nest
Spider:3: uniq_arachne, uniq_mara
Spider:4: grunt_spider_rune_island, nicolae_orb_stairs
Slime:2:  cheibrodos_slime_lost_civilization_1, dissolution_awaits
Orc:1:    minmay_goldmine, uniq_erica
Orc:2:    serial_shops, shop, nicolae_orc_rockfall
Orc:3:    nicolae_orc_accident_3, serial_shops, shop, basic_altar,
          nicolae_orc_pool_cavern
Orc:4:    grunt_orc_tribal_feast, serial_shops, shop, shop, nicolae_shop_trees,
          nicolae_shop_statue_plus
Elf:1:    serial_shops, shop, minmay_elf_annihilation, grunt_megastairs_3,
          uniq_nikola
Elf:2:    serial_shops, bzr_entry_dummy, grunt_ministairs_13
Lab:      labyrinth_mini_lab, nicolae_lab_statue, nicolae_lab_starburst
Bazaar:   bazaar_minmay_snake

Action                   |  1- 3 |  4- 6 |  7- 9 | 10-12 | 13-15 | 16-18 | 19-21 || total
-------------------------+-------+-------+-------+-------+-------+-------+-------++-------
Melee: Spear             |   115 |   132 |       |       |       |       |       ||   247
       Unarmed           |       |   143 |   607 |   718 |  1352 |  1965 |   391 ||  5176
Throw: Javelin           |       |     5 |    33 |    27 |    26 |    71 |     7 ||   169
       Throwing net      |       |       |       |     1 |       |     2 |       ||     3
Invok: Upheaval          |       |       |       |       |     1 |    12 |       ||    13
       Elemental Force   |       |       |       |       |       |     2 |       ||     2
 Abil: Evoke Blink       |       |       |       |       |     1 |       |       ||     1
Evoke: Wand              |       |       |     2 |       |     2 |     6 |       ||    10
  Use: Scroll            |       |    10 |       |    15 |    16 |    20 |     8 ||    69
       Potion            |       |       |       |    10 |     1 |     2 |       ||    13
 Stab: Held in net/web   |       |       |       |     1 |       |       |       ||     1
  Eat: Chunk             |     6 |    14 |    45 |    71 |   139 |   218 |    27 ||   520
       Meat ration       |       |       |       |     1 |       |     2 |       ||     3
